 Dungeon Crawl Stone Soup version 0.28-a0-991-g956f0ee3d5 (webtiles) character file.

Game seed: 11973206787527748704

11854 ders the Geomancer (level 11, 0/54 HPs)
             Began as a Gargoyle Earth Elementalist on Dec 4, 2021.
             Was an Elder of Vehumet.
             Slain by a yak (6 damage)
             ... on level 1 of the Lair of Beasts.
             The game lasted 00:19:43 (11634 turns).

ders the Geomancer (Gargoyle Earth Elementalist)   Turns: 11634, Time: 00:19:44

Health: 0/54       AC: 18    Str: 15    XL:     11   Next: 84%
Magic:  16/34      EV: 11    Int: 26    God:    Vehumet [****..]
Gold:   136        SH:  0    Dex:  8    Spells: 12/30 levels left

rFire   . . .      SeeInvis .   h - +1 short sword
rCold   + . .      Faith    .   (no shield)
rNeg    + . .      Spirit   .   D - +2 robe of Defiance {Rampage Will+++ MP+9 Dex-2}
rPois   ∞          Reflect  .   g - +0 hat
rElec   +          Harm     .   s - +2 cloak
rCorr   .          Rampage  +   r - +0 pair of gloves
Will    +++..                   k - +1 pair of boots
Stlth   ++........              i - amulet of magic regeneration
HPRegen 0.18/turn               p - +6 ring of intelligence
MPRegen 0.64/turn               t - ring "Wawky" {Wiz rC+ Str+3}

@: no status effects
A: sickness immunity, AC +8, negative energy resistance 1, electricity
resistance, torment resistance 1, petrification resistance
a: Renounce Religion


You were on level 1 of the Lair of Beasts.
You worshipped Vehumet.
Vehumet was greatly pleased with you.
You visited 4 branches of the dungeon, and saw 15 of its levels.

You collected 681 gold pieces.
You spent 545 gold pieces at shops.

Inventory:

Hand Weapons
 h - a +1 short sword (weapon)
Missiles
 c - 236 stones
 C - a throwing net
Armour
 g - a +0 hat (worn)
 k - a +1 pair of boots (worn)
 r - a +0 pair of gloves (worn)
 s - a +2 cloak (worn)
 u - a +0 troll leather armour
 D - the +2 robe of Defiance (worn) {Rampage Will+++ MP+9 Dex-2}
   (You found it on level 11 of the Dungeon)

   Dex:       It affects your dexterity (-2).
   MP:        It affects your magic capacity (+9).
   Rampage:   It bestows one free step when moving towards enemies.
   Will:      It greatly increases your willpower.
Jewellery
 b - a ring of ice
 i - an amulet of magic regeneration (around neck)
 p - a +6 ring of intelligence (left hand)
 t - the ring "Wawky" (right hand) {Wiz rC+ Str+3}
   (You bought it in a shop on level 3 of the Dungeon)

   [ring of wizardry]

   It improves your spell success rate.
   Str:       It affects your strength (+3).
   rC:        It protects you from cold.
Wands
 e - a wand of mindburst (17)
 n - a wand of polymorph (11)
 v - a wand of flame (37)
 A - a wand of digging (6)
Scrolls
 d - 7 scrolls of teleportation
 j - 2 scrolls of magic mapping
 l - 2 scrolls of amnesia
 m - 3 scrolls of blinking
 x - a scroll of enchant weapon
 y - a scroll of identify
 z - a scroll of silence
 B - a scroll of fear
 E - a scroll of immolation {unknown}
 F - a scroll of fog {unknown}
Potions
 a - 3 potions of lignification
 f - a potion of brilliance
 o - 2 potions of resistance
 q - 4 potions of curing
 w - a potion of ambrosia


   Skills:
 - Level 1.5 Dodging
 - Level 2.1 Stealth
 + Level 10.1 Spellcasting
 + Level 11.7 Conjurations
 - Level 0.7 Transmutations
 + Level 13.2 Earth Magic


You had 12 spell levels left.
You knew the following spells:

 Your Spells              Type           Power      Damage    Failure   Level
a - Sandblast             Erth           100%       2d20      0%          1
b - Stone Arrow           Conj/Erth      100%       3d13      1%          3
c - Petrify               Tmut/Erth      49%        N/A       1%          4
d - Orb of Destruction    Conj           32%        9d12      3%          7
e - Inner Flame           Hex/Fire       13%        N/A       1%          3

Your spell library contained the following spells:

 Spells                   Type           Power      Damage    Failure   Level
 Airstrike                Air            6%         N/A       5%          4
 Passwall                 Tmut/Erth      40%        N/A       1%          2
 Conjure Flame            Conj/Fire      43%        6-21      1%          3
 Ignite Poison            Fire/Tmut/Pois 14%        N/A       1%          3
 Sticky Flame             Conj/Fire      43%        2d6       1%          4
 Blink                    Tloc           26%        N/A       2%          2
 Ensorcelled Hibernation  Hex/Ice        26%        N/A       2%          2
 Spider Form              Tmut/Pois      15%        N/A       4%          3
 Lesser Beckoning         Tloc           13%        N/A       6%          3
 Summon Guardian Golem    Hex/Summ       13%        N/A       6%          3
 Spellforged Servitor     Conj/Summ      21%        N/A       32%         7
 Manifold Assault         Tloc           13%        N/A       43%         5


Dungeon Overview and Level Annotations

Branches:
Dungeon (12/15)            Temple (1/1) D:4            Lair (1/6) D:8
    Orc (1/2) D:9

Altars:
Ashenzari
Cheibriados
Dithmenos
Elyvilon
Fedhas
Gozag
Hepliaklqana
Kikubaaqudgha
Makhleb
Nemelex Xobeh
Okawaru
Qazlal
Ru
Sif Muna
Trog
Uskayaw
Vehumet
Wu Jian
Xom
Yredelemnul
Zin
The Shining One
Beogh

Shops:
D:3 =   D:9 [   D:11 (*(?:


Innate Abilities, Weirdness & Mutations

You are immune to sickness and miasma.
Your stone body is resilient. (AC +8)
You are immune to poison.
You resist negative energy. (rN+)
You are resistant to electric shocks. (rElec)
You are resistant to unholy torment.
You are immune to petrification.


Message History

Casting: Stone Arrow (safe; 1% risk of failure)
Confirm with . or Enter, or press ? or * to list all spells.
Aiming: Stone Arrow (safe; 1% risk of failure)
Press: ? - help, Shift-Dir - straight line, f/p - yak
Aim: a yak (heavily wounded, 87% to hit)
The stone arrow hits the yak!
The yak is severely wounded.
The yak misses you.
Unknown command.
Casting: Stone Arrow (safe; 1% risk of failure)
Confirm with . or Enter, or press ? or * to list all spells.
Aiming: Stone Arrow (safe; 1% risk of failure)
Press: ? - help, Shift-Dir - straight line, f/p - yak
Aim: a yak (severely wounded, 87% to hit)
The stone arrow hits the yak!!
You kill the yak!
Vehumet accepts your kill.
Vehumet is now extending the range of your destructive spells.
The yak gores you!
* * * LOW HITPOINT WARNING * * *
Unknown command.
Casting: Stone Arrow (safe; 1% risk of failure)
Confirm with . or Enter, or press ? or * to list all spells.
Aiming: Stone Arrow (safe; 1% risk of failure)
Press: ? - help, Shift-Dir - straight line, f - yak
Aim: a yak (87% to hit)
The stone arrow hits the yak!!
The yak is heavily wounded.
The yak gores you.
* * * LOW HITPOINT WARNING * * *
Unknown command.
Casting: Stone Arrow (safe; 1% risk of failure)
Confirm with . or Enter, or press ? or * to list all spells.
Aiming: Stone Arrow (safe; 1% risk of failure)
Press: ? - help, Shift-Dir - straight line, f/p - yak
Aim: a yak (heavily wounded, 87% to hit)
The stone arrow hits the yak!
The yak is severely wounded.
The yak gores you.
You die...

# ##.#P..# # # ##..#
# #..# # ##..# #
#...####### #
#.........# ##
#.YY##.##.# .##
###Y# # ..###### #@#
.......# #.#
..####.# ###.###.##
.## .........##### #
.#
##P.P####.##.###....
.### ### #........#
...# ####.#######
...# #######P##.#
##.## #.......##.#


You could see 3 yaks.

Vanquished Creatures
  A boulder beetle (D:11)
  A two-headed ogre (D:11)
  Pikel (D:5)
  A phantasmal warrior (D:11)
  A cyclops (D:11)
  Maurice (D:9)
  An ice statue (D:9)
  A gargoyle (D:11)
  2 komodo dragons (Lair:1)
  3 trolls
  2 wyverns
  Sigmund (D:5)
  2 wraiths
  7 yaks
  2 steam dragons
  4 vampire mosquitoes (D:7)
  Menkaure (D:7)
  Edmund (D:5)
  An acid dragon (D:11)
  A water moccasin (Lair:1)
  3 orc warriors
  2 ice beasts
  2 ogres
  A black bear (D:6)
  2 necrophages
  3 wolves (D:8)
  5 centaurs
  3 lemures
  Blork the orc (D:4)
  4 bullfrogs
  2 kobold brigands (D:9)
  A gnoll sergeant (D:10)
  A scorpion (D:7)
  A wyvern skeleton (D:6)
  10 killer bees
  5 wights (D:8)
  4 electric eels (D:8)
  3 howler monkeys
  3 centaur zombies
  2 bullfrog skeletons
  7 hounds
  3 orc priests (D:9)
  2 jellies
  2 gnoll shamans (D:8)
  2 orc wizards (D:5)
  2 iguanas (D:6)
  A killer bee zombie (D:8)
  A hound zombie (D:5)
  A hound skeleton (D:4)
  17 gnolls
  4 adders
  2 howler monkey skeletons
  A white imp (D:7)
  An ufetubus (D:6)
  An adder skeleton (D:4)
  2 dart slugs (D:1)
  18 orcs
  4 ball pythons
  4 bats
  2 endoplasms
  3 giant cockroaches
  8 hobgoblins
  2 jackals (D:2)
  15 kobolds
  4 quokkas
  4 frilled lizards
  11 goblins
  4 rats
221 creatures vanquished.

Vanquished Creatures (others)
  2 fungi (Lair:1)
  A plant (Lair:1)
3 creatures vanquished.

Grand Total: 224 creatures vanquished

Notes
Turn   | Place    | Note
-------+----------+-------------------------------------------
     0 | D:1      | ders the Gargoyle Earth Elementalist began the quest for
                  | the Orb.
     0 | D:1      | Reached XP level 1. HP: 10/10 MP: 3/3
   153 | D:1      | Reached XP level 2. HP: 11/15 MP: 0/5
   276 | D:1      | Reached skill level 1 in Conjurations
   394 | D:1      | Reached skill level 4 in Earth Magic
   696 | D:1      | Reached XP level 3. HP: 19/19 MP: 3/6
   732 | D:1      | Found a faded altar of an unknown god.
  1558 | D:3      | Found a white marble altar of Elyvilon.
  1558 | D:3      | Found a shadowy altar of Dithmenos.
  1587 | D:3      | Reached XP level 4. HP: 24/24 MP: 6/8
  1921 | D:3      | Found Puq Oroe's Jewellery Shop.
  2140 | D:4      | Found a staircase to the Ecumenical Temple.
  2155 | Temple   | Entered the Ecumenical Temple
  2304 | D:4      | Noticed Blork the orc
  2307 | D:4      | Reached XP level 5. HP: 23/28 MP: 7/9
  2314 | D:4      | Killed Blork the orc
  2315 | D:4      | Reached skill level 5 in Earth Magic
  2738 | D:4      | Reached XP level 6. HP: 31/32 MP: 9/11
  3057 | D:5      | Entered Level 5 of the Dungeon
  3058 | D:5      | Noticed a necrophage
  3064 | D:5      | Killed a necrophage
  3178 | D:5      | Learned a level 3 spell: Stone Arrow
  3183 | D:5      | Learned a level 4 spell: Petrify
  3197 | D:5      | Noticed Pikel
  3491 | D:5      | Reached skill level 6 in Earth Magic
  3494 | D:5      | Reached XP level 7. HP: 36/36 MP: 5/13
  3625 | Temple   | Became a worshipper of Vehumet
  3837 | D:5      | Found a stormy altar of Qazlal.
  3841 | D:5      | Found a sparkling altar of Nemelex Xobeh.
  3894 | D:5      | Found a burning altar of Makhleb.
  4070 | D:5      | Killed Pikel
  4071 | D:5      | Reached skill level 5 in Spellcasting
  4071 | D:5      | Reached skill level 5 in Conjurations
  4071 | D:5      | Reached skill level 7 in Earth Magic
  4071 | D:5      | Reached XP level 8. HP: 39/41 MP: 1/15
  4239 | D:5      | Noticed Edmund
  4245 | D:5      | Killed Edmund
  4667 | D:5      | Noticed Sigmund
  4676 | D:5      | Killed Sigmund
  4795 | D:6      | Reached skill level 8 in Earth Magic
  4831 | D:6      | Found a sacrificial altar of Ru.
  4931 | D:6      | Reached XP level 9. HP: 45/45 MP: 11/18
  4975 | D:6      | Identified the +9 whip of Gallantry {drain, rF+ rN+ MP-9
                  | Stlth+}
  5053 | D:6      | Found a snail-covered altar of Cheibriados.
  5247 | D:6      | Reached * piety under Vehumet
  5247 | D:6      | Offered knowledge of Shock by Vehumet.
  5732 | D:7      | Reached skill level 9 in Earth Magic
  5943 | D:7      | Noticed Menkaure
  5947 | D:7      | Killed Menkaure
  6212 | D:7      | Reached skill level 10 in Earth Magic
  6306 | D:7      | Found a flagged portal.
  6556 | D:8      | Reached XP level 10. HP: 50/50 MP: 10/21
  6624 | D:8      | Offered knowledge of Freeze by Vehumet.
  6629 | D:8      | Reached ** piety under Vehumet
  6697 | D:8      | Found a staircase to the Lair.
  7141 | D:8      | Found a hazy altar of Hepliaklqana.
  7200 | D:8      | Found a bloodstained altar of Trog.
  7868 | D:9      | Noticed Maurice
  7900 | D:9      | Killed Maurice
  7901 | D:9      | Reached skill level 11 in Earth Magic
  8053 | D:9      | Offered knowledge of Inner Flame by Vehumet.
  8075 | D:9      | Found a staircase to the Orcish Mines.
  8145 | D:9      | Identified the +9 long sword of Defence {drain, *Noise rN+
                  | Int+4}
  8230 | D:9      | Found Otarphih's Antique Armour Boutique.
  8248 | D:9      | Reached *** piety under Vehumet
  8555 | D:9      | Reached skill level 10 in Conjurations
  8660 | D:9      | Noticed an ice statue
  8853 | D:9      | Learned a level 7 spell: Orb of Destruction
  8979 | D:9      | Killed an ice statue
  9197 | D:3      | Bought the ring "Wawky" {Wiz rC+ Str+3} for 503 gold pieces
  9445 | Orc:1    | Entered Level 1 of the Orcish Mines
  9445 | Orc:1    | Noticed an orc knight
  9448 | Orc:1    | Noticed an orc high priest
  9463 | D:10     | Entered Level 10 of the Dungeon
  9504 | D:10     | Learned a level 3 spell: Inner Flame
  9590 | D:10     | Reached XP level 11. HP: 44/54 MP: 19/24
  9750 | D:10     | Reached skill level 12 in Earth Magic
  9757 | D:10     | Offered knowledge of Airstrike by Vehumet.
 10095 | D:11     | Noticed a cyclops
 10101 | D:11     | Killed a cyclops
 10256 | D:11     | Noticed a two-headed ogre
 10275 | D:11     | Killed a two-headed ogre
 10312 | D:11     | Noticed a boulder beetle
 10331 | D:11     | Killed a boulder beetle
 10562 | D:11     | Found Zaul Dol's Assorted Antiques.
 10589 | D:11     | Found Dibocic's Antique Weapon Boutique.
 10703 | D:11     | Found Farrich's Weapon Shoppe.
 10844 | D:11     | Found Ciwn's Book Shop.
 10985 | D:11     | Found Noshrija's Magic Scroll Emporium.
 10993 | D:11     | Bought a scroll of teleportation for 42 gold pieces
 11152 | D:11     | Noticed a phantasmal warrior
 11154 | D:11     | Killed a phantasmal warrior
 11236 | D:11     | Identified the +2 robe of Defiance {Rampage Will+++ MP+9
                  | Dex-2}
 11309 | D:12     | Noticed an ogre mage
 11309 | D:12     | Noticed a two-headed ogre
 11309 | D:12     | Noticed a two-headed ogre
 11309 | D:12     | Noticed a two-headed ogre
 11309 | D:12     | Noticed a two-headed ogre
 11417 | Lair:1   | Entered Level 1 of the Lair of Beasts
 11438 | Lair:1   | Reached skill level 10 in Spellcasting
 11438 | Lair:1   | Reached skill level 13 in Earth Magic
 11632 | Lair:1   | Reached **** piety under Vehumet
 11634 | Lair:1   | Slain by a yak

Illustrated notes

Levels and vault maps discovered:
D:1:      nzn_arrival_settlement, layout_basic,
          chequers_ecumenical_altar_island, nrook_mini_vaults
D:2:      layout_basic
D:3:      layout_basic, mainiacjoe_overflow_divided_tiny, serial_shops,
          nicolae_diamond_shop, kennysheep_generic_room_16
D:4:      layout_loops_ring, minmay_temple_entry_crystal_x,
          hangedman_decor_diamond_cutter, roderic_roman_lattice, minmay_unequal,
          uniq_blork_the_orc
D:5:      layout_basic, makhleb_heckhound_becter,
          nicolae_overflow_hidden_temple, uniq_pikel, uniq_sigmund, uniq_edmund
D:6:      layout_loops_cross, mainiacjoe_overflow_alcove_2, old_standard_altar,
          supply_closet_lemuel
D:7:      layout_rooms, enter_bailey_3, kennysheep_dice, uniq_menkaure
D:8:      layout_basic, worldfamousw_hep_ancestral_shrine,
          mainiacjoe_overflow_small_starburst, erik_lair_island
D:9:      layout_loops_cross, orc_david_3, hex_medium, minivault_15,
          amcnicky_mini_rare_corridor_liquid, nicolae_inconvenience_store,
          david_defended_altar_orc, uniq_maurice
D:10:     layout_roguey, minmay_misc_feat_roman
D:11:     layout_layer_cave, serial_shops, shop, shop, kennysheep_mini_moat,
          shop_statue, nicolae_stop_n_shop_1, kennysheep_just_a_vault
D:12:     layout_gridville, portal_ice_cave_entry_imps, uniq_frances,
          uniq_sonja, uniq_psyche
Temple:   cyrus_circular_temple
Lair:1:   layout_loops_ring, lemuel_fruit_fields
Orc:1:    layout_caves, serial_shops, nicolae_shop_behind_doors,
          gammafunk_ghost_berserking_beasts, uniq_harold, uniq_nergalle,
          uniq_erolcha

Skill      XL: |  1  2  3  4  5  6  7  8  9 10 11 |
---------------+----------------------------------+-----
Conjurations   | 1 2 3 4 5 6 8 10 11 | 11.7
Earth Magic    | 4 5 6 7 8 10 11 13 | 13.2
Spellcasting   | 3 4 5 6 7 9 10 | 10.1
Dodging        | |  1.5
Stealth        | |  2.1
Transmutations | |  0.7

Action                   |  1- 3 |  4- 6 |  7- 9 | 10-12 || total
-------------------------+-------+-------+-------+-------++-------
Melee: Unarmed           |    10 |       |       |       ||    10
       Short sword       |     1 |     1 |     1 |     3 ||     6
 Cast: Sandblast         |    60 |    49 |    17 |    39 ||   165
       Stone Arrow       |       |     9 |    85 |   172 ||   266
       Inner Flame       |       |       |       |     6 ||     6
       Orb of Destructio |       |       |       |     2 ||     2
  Use: Scroll            |       |     6 |    10 |     2 ||    18
       Potion            |       |       |       |     5 ||     5
Armor: Robe              |    10 |    11 |    13 |    10 ||    44
       Troll leather arm |       |       |       |    53 ||    53
Dodge: Dodged            |    31 |    15 |    13 |    40 ||    99

Table legend: (Time is in decaauts)
 A = Elapsed time spent in this place.
 B = Non-inter-level travel time spent in this place.
 C = Inter-level travel time spent in this place.
 D = Time resting spent in this place.
 E = Time spent auto-exploring this place.
 F = Levels seen in this place.
 G = Mean time per level.
                   A        B        C        D        E       F      G
               +--------+--------+--------+--------+--------+-----+--------+
         Total |  11666 |  10551 |   1115 |   1131 |   7988 |  15 |  777.7 |
       Dungeon |  11348 |  10283 |   1065 |   1108 |   7811 |  12 |  945.7 |
        Temple |     96 |     47 |     49 |      0 |     35 |   1 |   96.0 |
          Lair |    216 |    216 |      0 |     23 |    142 |   1 |  216.0 |
  Orcish Mines |      3 |      3 |      0 |      0 |      0 |   1 |    3.0 |
               +--------+--------+--------+--------+--------+-----+--------+

Top non-repeatable levels by time:
     D:5: 1534 daAuts
     D:8: 1343 daAuts
    D:11: 1288 daAuts
     D:1: 1278 daAuts
     D:9: 1258 daAuts
     D:4: 1192 daAuts
     D:6: 961 daAuts
     D:7: 928 daAuts
     D:3: 682 daAuts
    D:10: 612 daAuts
     D:2: 266 daAuts
  Lair:1: 216 daAuts
  Temple: 96 daAuts
   Orc:1: 3 daAuts
    D:12: 1 daAuts
